 Dungeon Crawl Stone Soup version 0.19-a0-743-ge0d55e4 (webtiles) character file.

38 shmeve the Shield-Bearer (level 3, 0/29 HPs)
             Began as a Formicid Fighter on June 24, 2016.
             Succumbed to an adder's poison
             ... on level 2 of the Dungeon.
             The game lasted 00:01:52 (826 turns).

shmeve the Shield-Bearer (Formicid Fighter)          Turns: 826, Time: 00:01:52

Health: 0/29       AC:  6    Str: 21    XL:     3   Next: 65%
Magic:  3/3        EV:  8    Int:  7    God:
Gold:   31         SH:  9    Dex: 10    Spells: 0 memorised, 2 levels left

rFire  . . .     SeeInvis +     a - +0 war axe
rCold  . . .     Gourm    .     b - +0 scale mail
rNeg   . . .     Faith    .     c - +0 shield
rPois  .         Spirit   .     (helmet unavailable)
rElec  .         Dismiss  .     (no cloak)
rCorr  .         Reflect  .     (no gloves)
SustAt .         Harm     .     (no boots)
MR     .....                    (no amulet)
Stlth  ..........               (no ring)
                                (no ring)

@: lethally poisoned (0 -> -3), not resistant to hostile enchantments, extremely
unstealthy
A: permanent stasis, dig shafts and tunnels, four strong arms, antennae 3
a: Dig, Shaft Self


You were on level 2 of the Dungeon.
You were not hungry.

You visited 1 branch of the dungeon, and saw 2 of its levels.

You collected 31 gold pieces.

Inventory:

Hand Weapons
 a - a +0 war axe (weapon)
Armour
 b - a +0 scale mail (worn)
 c - a +0 shield (worn)
Scrolls
 e - a scroll of identify {unknown}
 g - a scroll of immolation {unknown}
 h - a scroll of fear {unknown}
 j - a scroll of teleportation {unknown}
 l - a scroll of remove curse {unknown}
Potions
 d - a potion of might
 i - a potion of brilliance {unknown}
Comestibles
 f - a bread ration
 k - a beef jerky
 m - a slice of pizza


   Skills:
 * Level 3.6 Fighting
 * Level 2.6 Axes
 + Level 3.4 Armour
 + Level 1.0 Dodging
 * Level 4.0 Shields


You had 2 spell levels left.
You didn't know any spells.

Dungeon Overview and Level Annotations

Branches:
Dungeon (2/15)

Altars:
Gozag


Innate Abilities, Weirdness & Mutations

You are under a permanent stasis effect.
You can dig through walls and to a lower floor.
Your four strong arms can wield two-handed weapons with a shield.
You have a pair of large antennae on your head. (SInv)


Message History

You kill the adder!
* * * LOW HITPOINT WARNING * * *
You feel sick.
* * * LOW HITPOINT WARNING * * *
You feel sick.
You see here an adder corpse.
* * * LOW HITPOINT WARNING * * *
You feel sick.
* * * LOW HITPOINT WARNING * * *
You feel sick.
* * * LOW HITPOINT WARNING * * *
You feel sick.
* * * LOW HITPOINT WARNING * * *
You feel sick.
* * * LOW HITPOINT WARNING * * *
You feel sick.
You see here an adder corpse.
* * * LOW HITPOINT WARNING * * *
You feel sick.
You die...

#.......#.## ...
#.#######... ...
#.#........# ..
#.#.##...... .. #.
#####...##......
..####.##...............
.........#.#######..#....
...........# ### #.......
........@..#######.......
........#...'_+......#..
.#........###'###..#####
#........# #.# #.......
#.....†#.###.###.#.####
#......#.........#.#
#......##.......##.#
#......##.......##.#
#......##..........#


There were no monsters in sight!

Vanquished Creatures
  An adder (D:2)
  3 giant geckos (D:1)
  3 bats (D:1)
  4 goblins (D:1)
  3 hobgoblins (D:1)
  A ball python (D:1)
  A giant newt (D:1)
  6 kobolds (D:1)
  3 rats
25 creatures vanquished.

Vanquished Creatures (others)
  A rat (D:1)
1 creature vanquished.

Grand Total: 26 creatures vanquished

Notes
Turn   | Place    | Note
--------------------------------------------------------------
     0 | D:1      | shmeve the Formicid Fighter began the quest for the Orb.
     0 | D:1      | Reached XP level 1. HP: 18/18 MP: 1/1
   109 | D:1      | Reached XP level 2. HP: 22/24 MP: 2/2
   478 | D:1      | Reached XP level 3. HP: 26/29 MP: 3/3
   501 | D:1      | Reached skill level 4 in Shields
   573 | D:1      | Reached skill level 1 in Dodging
   780 | D:2      | Found an opulent altar of Gozag.
   824 | D:2      | HP: 1/29 [poisoned by an adder]
   826 | D:2      | Succumbed to an adder's poison

Vault maps used:
D:1:      shiori_arrival_oz, minmay_tromino_v4_c
D:2:      old_standard_altar, lemuel_doored_altar,
          nicolae_overflow_hidden_temple, ecumenical_altar_2

Skill      XL: |  1  2  3 |
---------------+----------+-----
Shields        | 4 |  4.0
Dodging        | 1 |  1.0
Fighting       | |  3.6
Axes           | |  2.6
Armour         | |  3.4

Action                   || total
-------------------------++-------
Melee: War axe           ||    91
Armor: Scale mail        ||    36
Dodge: Dodged            ||    41
Block: Shield            ||    59
